 Dungeon Crawl Stone Soup version 0.18.1-48-g4cf74bf (webtiles) character file.

44 Alarkh the Poker (level 3, 0/27 HPs)
             Began as a Mummy Skald on July 31, 2016.
             Slain by an orc
             ... wielding a +0 spear of chaos
              (5 damage)
             ... on level 2 of the Dungeon.
             The game lasted 00:01:31 (1202 turns).

Alarkh the Poker (Mummy Skald)                      Turns: 1202, Time: 00:01:31

Health: 0/27       AC:  3    Str: 15    XL:     3   Next: 39%
Magic:  4/6        EV: 11    Int: 12    God:
Gold:   80         SH:  0    Dex: 14    Spells: 1 memorised, 5 levels left

rFire  x . .     SeeInvis +     a - +0 spear
rCold  + . .     Gourm    .     b - +0 leather armour
rNeg   + + +     Faith    .     (no shield)
rPois  ∞         Spirit   .     (no helmet)
rElec  .         Dismiss  .     (no cloak)
rCorr  .         Reflect  .     (no gloves)
SustAt .         Harm     .     (no boots)
MR     .....                    (no amulet)
Stlth  +.........               m - ring of see invisible
                                d - +3 ring of dexterity

@: infused, very slightly contaminated, invisible, not resistant to hostile
enchantments, very unstealthy
A: no food or potions, fire vulnerability, cold resistance 1, negative energy
resistance 3, torment resistance, unbreathing
a: no special abilities


You were on level 2 of the Dungeon.
You were not hungry.

You visited 1 branch of the dungeon, and saw 2 of its levels.

You collected 80 gold pieces.

Inventory:

Hand Weapons
 a - a +0 spear (weapon)
Armour
 b - a +0 leather armour (worn)
Jewellery
 d - a +3 ring of dexterity (left hand)
 g - an uncursed ring of sustain attributes
 m - a ring of see invisible (right hand)
Scrolls
 e - a scroll of magic mapping
 f - a scroll of teleportation {unknown}
 h - a scroll of amnesia
 i - 4 scrolls of remove curse
 j - 2 scrolls of enchant weapon {unknown}
 k - a scroll of blinking {unknown}
 l - a scroll of fog {unknown}
Books
 c - a book of Battle

   Spells                             Type                      Level
   a - Infusion                       Charms                       1
   b - Shroud of Golubria             Charms/Translocation         2
   c - Song of Slaying                Charms                       2
   d - Spectral Weapon                Hexes/Charms                 3
   e - Regeneration                   Charms/Necromancy            3


   Skills:
 - Level 2.0 Fighting
 + Level 3.1 Polearms
 - Level 0.7 Armour
 - Level 0.7 Dodging
 - Level 2.0 Spellcasting
 - Level 2.4 Charms


You had 5 spell levels left.
You knew the following spells:

 Your Spells              Type           Power        Failure   Level  Hunger
a - Infusion              Chrm           #...         14%         1    N/A

Dungeon Overview and Level Annotations

Branches:
Dungeon (2/15)

Altars:
Xom


Innate Abilities, Weirdness & Mutations

You do not eat or drink.
Your flesh is vulnerable to fire.
You are immune to poison.
Your flesh is cold resistant.
You are immune to negative energy.
You are immune to unholy pain and torment.
You can survive without breathing.


Message History

You hit the jackal.
The jackal is severely wounded.
The jackal bites you. The orc barely misses you.
You hit the jackal.
You kill the jackal!
Casting: Infusion
Confirm with . or Enter, or press ? or * to list all spells.
You don't know that spell.
The orc hits you from afar with a spear of chaos.
* * * LOW HITPOINT WARNING * * *
You fade into invisibility!
You are very lightly contaminated with residual magic.
Casting: Infusion
Confirm with . or Enter, or press ? or * to list all spells.
You begin infusing your attacks with magical energy.
Unknown command.
You hit the orc.
The orc is moderately wounded.
The orc hits you with a spear of chaos.
You die...

#................##
#.........###....†≈
####...#####.....#.
#......# ##....##
#....#.# ##.####
#.#.##.# #.# #.
##.#.#*,# #.# #≈
#.o..##.# *#+#*##
#@......# **,,,**#
#.#######**,,,,,**
#.#,** **,,,,,,,*
#..,,****,,,,,,,,,
#..,,,,,+,,,,,,,,,
#...,****,,,,,,,,,
#.#.** **,,,,,,,*
#.###*** **,,,,,**
*,**,,,* **,,,**


You could see an orc.

Vanquished Creatures
  An ooze (D:1)
  5 dart slugs
  A giant gecko (D:1)
  3 bats (D:1)
  2 giant cockroaches (D:1)
  2 goblins
  2 hobgoblins (D:2)
  2 jackals (D:2)
  A giant newt (D:1)
  3 kobolds
  5 rats
27 creatures vanquished.

Notes
Turn   | Place    | Note
--------------------------------------------------------------
     0 | D:1      | Alarkh the Mummy Skald began the quest for the Orb.
     0 | D:1      | Reached XP level 1. HP: 16/16 MP: 3/3
    83 | D:1      | Reached skill level 2 in Polearms
   152 | D:1      | Reached XP level 2. HP: 18/22 MP: 3/5
   806 | D:1      | Reached XP level 3. HP: 27/27 MP: 4/6
   994 | D:2      | Found a shimmering altar of Xom.
  1038 | D:2      | Reached skill level 3 in Polearms
  1175 | D:2      | Paralysed by an orc for 5 turns
  1202 | D:2      | Slain by an orc

Skill      XL: |  1  2  3 |
---------------+----------+-----
Polearms       | 2 3 |  3.1
Fighting       | |  2.0
Armour         | |  0.7
Dodging        | |  0.7
Spellcasting   | |  2.0
Charms         | |  2.4

Action                   || total
-------------------------++-------
Melee: Spear             ||    78
 Cast: Infusion          ||    16
  Use: Scroll            ||     3
 Stab: Sleeping          ||     1
Armor: Leather armour    ||    17
Dodge: Dodged            ||    24
